 Dungeon Crawl Stone Soup version 0.23-a0-767-gdc19b93d68 (webtiles) character file.

604 Raymar the Magician (level 7, -3/46 HPs)
             Began as a Human Wizard on Jan 28, 2019.
             Was an Initiate of Sif Muna.
             Killed by nerve-wracking pain
             ... invoked by an orc priest
              (5 damage)
             ... on level 6 of the Dungeon.
             The game lasted 00:30:50 (6454 turns).

Raymar the Magician (Human Wizard)                  Turns: 6454, Time: 00:30:51

Health: -3/46      AC:  3    Str:  7    XL:     7   Next: 70%
Magic:  1/14       EV: 12    Int: 20    God:    Sif Muna [......]
Gold:   80         SH:  0    Dex: 12    Spells: 7/15 levels left

rFire    . . .     SeeInvis .   l - staff of death
rCold    . . .     Gourm    .   (no shield)
rNeg     + . .     Faith    .   a - +0 robe
rPois    .         Spirit   .   b - +0 hat
rElec    .         Reflect  .   (no cloak)
rCorr    .         Harm     .   o - +0 pair of gloves
MR       .....                  (no boots)
Stlth    ++........             (no amulet)
HPRegen  0.15/turn              (no ring)
MPRegen  0.14/turn              (no ring)

@: no status effects
A: no striking features
a: Renounce Religion


You were on level 6 of the Dungeon.
You worshipped Sif Muna.
Sif Muna was noncommittal.
You were not hungry.

You visited 2 branches of the dungeon, and saw 7 of its levels.
You also visited: Sewer.

You collected 282 gold pieces.
You spent 202 gold pieces at shops.

Inventory:

Hand Weapons
 f - a +0 trident of piercing
Missiles
 e - 45 arrows
Armour
 a - a +0 robe (worn)
 b - a +0 hat (worn)
 n - a +2 leather armour of magic resistance
 o - a +0 pair of gloves (worn)
Magical Staves
 l - an uncursed staff of death (weapon)
 u - an uncursed staff of death
Jewellery
 s - an uncursed ring of fire
Wands
 m - a wand of enslavement (4)
 p - a wand of random effects (17)
Scrolls
 k - 3 scrolls of teleportation
 v - a scroll of enchant weapon
 w - a scroll of remove curse
Potions
 c - 4 potions of cancellation
 g - a potion of magic
 h - 3 potions of lignification
 i - 2 potions of might
 j - a potion of invisibility
 q - a potion of curing
 r - a potion of ambrosia
 t - 2 potions of flight
 x - a potion of mutation {unknown}
 z - a potion of haste {unknown}
Comestibles
 d - 4 rations


   Skills:
 + Level 0.1 Fighting
 * Level 1.6 Staves
 + Level 2.5 Dodging
 + Level 2.3 Stealth
 - Level 0.1 Unarmed Combat
 + Level 4.8 Spellcasting
 * Level 2.7 Conjurations
 * Level 2.5 Hexes
 + Level 3.3 Summonings
 * Level 1.6 Necromancy
   Level 1.0 Translocations
 * Level 1.1 Evocations


You had 7 spell levels left.
You knew the following spells:

 Your Spells              Type           Power        Failure   Level  Hunger
a - Magic Dart            Conj           ###.         3%          1    None
b - Call Imp              Summ           ###.....     4%          2    #......
c - Confusing Touch       Hex            ###...       4%          1    None
d - Animate Skeleton      Necr           N/A          6%          1    None
e - Confuse               Hex            ###.....     12%         3    ##.....

Your spell library contained the following spells:

 Spells                   Type           Power        Failure   Level  Hunger
 Summon Small Mammal      Summ           ###.         3%          1    None
 Slow                     Hex            ###.....     6%          2    #......
 Apportation              Tloc           #.....       8%          1    None
 Blink                    Tloc           N/A          12%         2    #......
 Conjure Flame            Conj/Fire      ##......     21%         3    ##.....
 Gell's Gravitas          Tloc           #.........   24%         3    ##.....
 Mephitic Cloud           Conj/Pois/Air  #.......     24%         3    ##.....
 Petrify                  Tmut/Erth      #.......     75%         4    ####...
 Metabolic Englaciation   Hex/Ice        #.........   89%         5    ######.
 Yara's Violent Unravell  Hex/Tmut       #.........   89%         5    ######.


Dungeon Overview and Level Annotations

Branches:
Dungeon (6/15)             Temple (1/1) D:5

Altars:
Ashenzari
Elyvilon
Gozag
Hepliaklqana
Makhleb
Nemelex Xobeh
Okawaru
Ru
Sif Muna
Trog
Xom
Yredelemnul
The Shining One

Shops:
D:4 *


Message History

The orc priest closely misses you.
The orc warrior hits you with a +0 mace!
Casting: Magic Dart (safe; 3% risk of failure)
Confirm with . or Enter, or press ? or * to list all spells.
Aiming: Magic Dart (safe; 3% risk of failure)
Press: ? - help, Shift-Dir - straight line, f/p - orc priest
Aim: an orc priest, wielding a +0 short sword and wearing a +0 ring mail (heavily wounded)
The magic dart hits the orc priest.
The orc priest is heavily wounded.
The orc priest invokes the aid of Beogh against you.
Beogh smites you!
* * * LOW HITPOINT WARNING * * *
The orc warrior barely misses you.
An orc comes into view.
It is wielding a +1 short sword of draining.
The orc shouts!
The orc priest mumbles some strange prayers to Beogh against you.
You struggle to resist.
The orc priest invokes the aid of Beogh against you.
Pain shoots through your body!
You die...

#. ##### ######
#...#######...# #.o..o
#..o........# #.####
#.$.#######..o# #.# #.
#####.###########.#
######...#.#...o.......#
#........#.#<###########
#.####...#@#.# #5#
#oo#.....# ## #.#
#.#o#.################.
#o#
#o#................oo..
#ยง#
#.#################.###
#.# #.# #.# #.# #o# #.#
##.###.# #.# #...##.#
#.#


You could see an orc priest and an orc.

Vanquished Creatures
  A phantom (D:5)
  An orc wizard (D:5)
  Terence (D:3)
  A worker ant (D:4)
  2 adders (D:5)
  An ooze (D:3)
  A worm (D:3)
  4 dart slugs
  2 orcs
  2 giant cockroaches
  3 goblins
  3 hobgoblins (D:1)
  2 jackals
  3 quokkas
  A ball python (D:2)
  5 bats
  3 frilled lizards
  7 kobolds
  8 rats
51 creatures vanquished.

Vanquished Creatures (collateral kills)
  Eustachio (D:5)
  Menkaure (D:5)
  A big kobold (Sewer)
  Blork the orc (D:5)
  A scorpion (D:4)
  2 orc priests
  3 hounds
  Jessica (D:2)
  Ijyb (D:3)
  2 orc wizards (D:5)
  A dart slug (D:3)
  A leopard gecko (D:3)
  9 orcs
  A giant cockroach (D:4)
  2 hobgoblins
  4 jackals
  3 kobolds (Sewer)
  3 rats
38 creatures vanquished.

Grand Total: 89 creatures vanquished

Notes
Turn   | Place    | Note
-------+----------+-------------------------------------------
     0 | D:1      | Raymar the Human Wizard began the quest for the Orb.
     0 | D:1      | Reached XP level 1. HP: 13/13 MP: 4/4
   293 | D:1      | Reached XP level 2. HP: 19/19 MP: 1/6
   556 | D:1      | Learned a level 2 spell: Call Imp
   862 | D:1      | Reached XP level 3. HP: 16/24 MP: 0/7
  1371 | D:2      | Noticed Jessica
  1385 | D:2      | Killed Jessica
  1691 | D:3      | Reached XP level 4. HP: 29/30 MP: 1/9
  1880 | D:3      | Noticed Terence
  1989 | D:3      | Killed Terence
  2329 | D:3      | Noticed Ijyb
  2343 | D:3      | Killed Ijyb
  2531 | D:4      | Reached skill level 4 in Spellcasting
  2531 | D:4      | Reached XP level 5. HP: 14/35 MP: 0/11
  2720 | D:4      | Learned a level 1 spell: Confusing Touch
  2722 | D:4      | Learned a level 1 spell: Animate Skeleton
  2790 | D:4      | Found an opulent altar of Gozag.
  2824 | D:4      | Reached skill level 1 in Hexes
  2861 | D:4      | Found a burning altar of Makhleb.
  2937 | D:4      | Found Zeafog's Assorted Antiques.
  2954 | D:4      | Bought 2 cyan potions for 37 gold pieces
  2954 | D:4      | Bought a cyan potion for 18 gold pieces
  2954 | D:4      | Bought a runed peridot ring for 105 gold pieces
  2954 | D:4      | Bought a scroll of identify for 42 gold pieces
  3006 | D:4      | Found a glowing golden altar of the Shining One.
  3192 | D:4      | Reached skill level 1 in Necromancy
  3192 | D:4      | Reached XP level 6. HP: 19/41 MP: 0/12
  3691 | D:5      | Entered Level 5 of the Dungeon
  3742 | D:5      | Found a glowing drain.
  3775 | Sewer    | Entered a sewer
  3987 | Sewer    | Found a white marble altar of Elyvilon.
  4098 | D:5      | Noticed Eustachio
  4125 | D:5      | Noticed Blork the orc
  4405 | D:5      | Killed Blork the orc
  4611 | D:5      | Reached skill level 1 in Staves
  4611 | D:5      | Reached XP level 7. HP: 29/46 MP: 2/13
  4731 | D:5      | Found a shimmering altar of Xom.
  4732 | D:5      | Found a shimmering altar of Xom.
  4732 | D:5      | Found a shimmering altar of Xom.
  4741 | D:5      | Noticed Menkaure
  4765 | D:5      | Found a staircase to the Ecumenical Temple.
  4773 | Temple   | Entered the Ecumenical Temple
  5019 | Temple   | Became a worshipper of Sif Muna the Loreminder
  5175 | D:5      | Killed Menkaure
  5386 | D:5      | Learned a level 3 spell: Confuse
  5568 | D:5      | Killed Eustachio
  5568 | D:5      | Reached skill level 1 in Evocations
  6451 | D:6      | HP: 2/46 [orc priest/divine providence (14)]
  6454 | D:6      | Killed from afar by an orc priest

Vault maps used:
D:1:      mushboom_english_gardens
D:2:      uniq_jessica
D:3:      first_ration, uniq_ijyb, uniq_terence
D:4:      cheibrodos_pilgrimage, tso_metal_star, minitemple, serial_shops,
          nicolae_shop_crystal
D:5:      minmay_temple_entry_stoned_glass, portal_sewer_entry_d,
          xom_redecorated, uniq_eustachio, uniq_menkaure, uniq_blork_the_orc
D:6:      serial_shops, kennysheep_mini, st_stairs_4
Temple:   eino_narrow_crystal_temple
Sewer:    sewer_kobolds

Skill      XL: |  1  2  3  4  5  6  7 |
---------------+----------------------+-----
Spellcasting   | 4 |  4.8
Summonings     | 2 3 |  3.3
Hexes          | 1 2 |  2.5
Conjurations   | 2 |  2.7
Necromancy     | 1 |  1.6
Staves         | 1 |  1.6
Evocations     | 1 |  1.1
Fighting       | |  0.1
Dodging        | |  2.5
Stealth        | |  2.3
Unarmed Combat | |  0.1
Translocations | |  1.0

Action                   |  1- 3 |  4- 6 |  7- 9 || total
-------------------------+-------+-------+-------++-------
Melee: Unarmed           |    44 |       |       ||    44
       Staff             |       |    23 |    16 ||    39
 Cast: Magic Dart        |    58 |    69 |    29 ||   156
       Call Imp          |     4 |    52 |    38 ||    94
       Animate Skeleton  |       |     8 |     3 ||    11
       Confusing Touch   |       |     4 |       ||     4
       Confuse           |       |       |     3 ||     3
  Use: Scroll            |     5 |     7 |       ||    12
       Potion            |       |     8 |     1 ||     9
  Eat: Chunk             |     2 |     7 |     1 ||    10
       Ration            |       |     1 |     2 ||     3
Armor: Robe              |     9 |     4 |    10 ||    23
       Leather armour    |       |     5 |       ||     5
Dodge: Dodged            |    39 |    57 |    36 ||   132

Table legend:
 A = Non-vault XP
 B = Vault XP
 C = Vault XP percentage of total XP
 D = Non-vault monster count
 E = Vault monster count
 F = Vault count percentage of total count
                 A         B        C        D         E       F
            +---------+---------+-------+---------+---------+-------
      Total |     440 |     423 |  49.0 |      66 |      23 |  25.8
            +---------+---------+-------+---------+---------+-------
        D:1 |      35 |       0 |   0.0 |      20 |       0 |   0.0
        D:2 |      11 |      19 |  63.3 |       9 |       1 |  10.0
        D:3 |      27 |      37 |  57.8 |      12 |       2 |  14.3
        D:4 |     113 |      33 |  22.6 |      11 |       6 |  35.3
        D:5 |     227 |     272 |  54.5 |      11 |       4 |  26.7
        D:6 |      27 |       0 |   0.0 |       3 |       0 |   0.0
      Sewer |       0 |      62 | 100.0 |       0 |      10 | 100.0
            +---------+---------+-------+---------+---------+-------
